 Dungeon Sprint DCSS version 0.28.0-53-g5a82cb258f (webtiles) character file.

Game seed: 15636852152393871604

6 Zeld the Chopper (level 1, -2/20 HPs)
             Began as a Minotaur Berserker on June 17, 2022.
             Was a Believer of Trog.
             Slain by a scorpion (6 damage)
             ... in the Dungeon (Sprint VII: "The Pits").
             The game lasted 00:00:22 (406 turns).

Zeld the Chopper (Minotaur Berserker)                Turns: 406, Time: 00:00:23

Health: -2/20      AC:  2    Str: 21    XL:     1   Next: 75%
Magic:  0/0        EV: 12    Int:  4    God:    Trog [**....]
Gold:   0          SH:  0    Dex:  9    Spells: 0/0 levels left

rFire   . . .      SeeInvis .   a - +2 hand axe
rCold   . . .      Faith    .   (no shield)
rNeg    . . .      Spirit   .   b - +0 animal skin
rPois   .          Reflect  .   (helmet restricted)
rElec   .          Harm     .   (no cloak)
rCorr   .          Rampage  .   (no gloves)
Will    .....      NoTele   +   (no boots)
Stlth   +.........              (no amulet)
HPRegen 0.06/turn               (no ring)
MPRegen 0.07/turn               (no ring)

@: lethally poisoned (-2 -> -16)
A: horns 2, retaliatory headbutt
a: Renounce Religion, Berserk, Trog's Hand


You were in the Dungeon.
You worshipped Trog.
Trog was pleased with you.
You visited 1 branch

Inventory:

Hand Weapons
 a - a +2 hand axe (weapon)
Armour
 b - a +0 animal skin (worn)
Scrolls
 h - a scroll of blinking
 j - a scroll of summoning
Potions
 c - a potion of curing
 d - a potion of heal wounds
 e - a potion of haste
 f - 4 potions of magic
 g - 3 potions of berserk rage
 i - 2 potions of invisibility


   Skills:
 + Level 4.1 Fighting
 * Level 4.5 Axes
 + Level 3.1 Armour
 + Level 2.8 Dodging


You couldn't memorise any spells.
You didn't know any spells.
Your spell library was empty.

Dungeon Overview and Level Annotations

Branches:
Dungeon (1/1)

Altars:
Ashenzari
Cheibriados
Dithmenos
Elyvilon
Fedhas
Gozag
Hepliaklqana
Kikubaaqudgha
Makhleb
Nemelex Xobeh
Okawaru
Qazlal
Ru
Sif Muna
Trog
Uskayaw
Vehumet
Wu Jian
Xom
Yredelemnul
Zin
The Shining One
Beogh
Jiyva
Lugonu


Innate Abilities, Weirdness & Mutations

You have a pair of horns on your head.
You reflexively headbutt those who attack you in melee.


Message History

You kill the jackal!
Trog accepts your kill. The jackal bites you.
You barely miss the jackal. The jackal barely misses you.
You slash the jackal!
You kill the jackal!
Trog accepts your kill.
You can now call upon Trog for regeneration and willpower.
Your Fighting skill increases to level 4!
There is an open door here.
You see here a jackal corpse.
Unknown command.
You start resting.
You start resting.
You open the door.
An orc and a scorpion come into view.
The orc shouts!
You closely miss the orc. Your headbutt misses the orc.
The orc hits you with a +0 falchion.
You slash the orc!
You kill the orc!
Trog accepts your kill. The scorpion stings you.
Your Armour skill increases to level 3!
You hit the scorpion but do no damage. You headbutt the scorpion!
The scorpion is heavily wounded.
The scorpion stings you.
You are lethally poisoned!
The scorpion poisons you!
You hit the scorpion. Your headbutt misses the scorpion.
The scorpion is severely wounded.
You feel sick. The scorpion closely misses you.
You closely miss the scorpion.
The scorpion is severely wounded.
* * * LOW HITPOINT WARNING * * *
You feel sick. The scorpion stings you.
* * * LOW HITPOINT WARNING * * *
You are more poisoned.
The scorpion poisons you! The scorpion stings you.
You die...

#_________.#
#_______...###########++
##########'##...........
#.?(.')))).##......#..#.
##########.##...........
#...........'...........
#+#####†#####......#..#.
#..#..##...........
+.@s..#####'#####++
####+###.......#
#.......# #.......#
#...<...# #.......#
#.......# #.......#
#########


You could see a scorpion.

Vanquished Creatures
  An orc (D)
  An endoplasm (D)
  2 jackals (D)
4 creatures vanquished.

Notes
Turn   | Place    | Note
-------+----------+-------------------------------------------
     0 | D        | Zeld the Minotaur Berserker began the quest for the Orb.
     0 | D        | Reached XP level 1. HP: 19/19 MP: 0/0
   169 | D        | Found a bloodstained altar of Trog.
   169 | D        | Found a shimmering blue altar of Sif Muna.
   169 | D        | Found a viscous altar of Jiyva.
   169 | D        | Found a hazy altar of Hepliaklqana.
   169 | D        | Found an opulent altar of Gozag.
   257 | D        | Found a glowing golden altar of the Shining One.
   257 | D        | Found a glowing silver altar of Zin.
   257 | D        | Found a basalt altar of Yredelemnul.
   257 | D        | Found a shimmering altar of Xom.
   257 | D        | Found an ornate altar of the Wu Jian Council.
   257 | D        | Found a sacrificial altar of Ru.
   257 | D        | Found a stormy altar of Qazlal.
   257 | D        | Found an iron altar of Okawaru.
   257 | D        | Found a sparkling altar of Nemelex Xobeh.
   257 | D        | Found a burning altar of Makhleb.
   257 | D        | Found a blossoming altar of Fedhas.
   257 | D        | Found a white marble altar of Elyvilon.
   257 | D        | Found a shadowy altar of Dithmenos.
   257 | D        | Found a snail-covered altar of Cheibriados.
   258 | D        | Found a radiant altar of Vehumet.
   258 | D        | Found a corrupted altar of Lugonu.
   259 | D        | Found an ancient bone altar of Kikubaaqudgha.
   259 | D        | Found a hide-covered altar of Uskayaw.
   259 | D        | Found a broken altar of Ashenzari.
   365 | D        | Reached ** piety under Trog
   401 | D        | Noticed a scorpion
   406 | D        | Slain by a scorpion

Illustrated notes

Levels and vault maps discovered:
D:        pitsprint [storerooms_1, entrance_room_1, metal_vault_1, armoury_1,
          mini_pit_1, grid_room_1, main_hall_1, silver_pit, the_coven_1,
          the_vestibule_1, steel_vault_2, golden_pit, hallway_of_sentries,
          crystal_vault_1, iron_vault_1, final_vault]

Skill      XL: |  1 |
---------------+----+-----
Axes           | 4 |  4.5
Fighting       | 4 |  4.1
Armour         | 3 |  3.1
Dodging        | |  2.8

Action                   || total
-------------------------++-------
Melee: Hand axe          ||    12
       Headbutt          ||     3
Dodge: Dodged            ||     2
